 Dungeon Crawl Stone Soup version 0.27.1-37-g7b29ead8ac (webtiles) character file.

Game seed: 15266458448723723669

128 AarnesTheHuman the Covered (level 4, 40/40 HPs)
             Began as a Minotaur Fighter on May 16, 2023.
             Got out of the dungeon alive.
             The game lasted 00:05:52 (2605 turns).

AarnesTheHuman the Covered (Minotaur Fighter)       Turns: 2605, Time: 00:05:52

Health: 40/40      AC:  7    Str: 21    XL:     4   Next: 87%
Magic:  3/3        EV:  7    Int:  5    God:
Gold:   71         SH: 14    Dex: 10    Spells: 3/3 levels left

rFire    . . .     SeeInvis .   a - +1 war axe
rCold    . . .     Faith    .   c - +0 kite shield
rNeg     . . .     Spirit   .   b - +0 scale mail
rPois    .         Reflect  +   (helmet restricted)
rElec    .         Harm     .   (no cloak)
rCorr    +         Rampage  .   (no gloves)
Will     .....                  (no boots)
Stlth    ..........             f - amulet of reflection
HPRegen  0.13/turn              p - ring of resist corrosion
MPRegen  0.08/turn              (no ring)

@: no status effects
A: horns 2, retaliatory headbutt
a: no special abilities


You escaped.
You visited 1 branch of the dungeon, and saw 3 of its levels.

You collected 71 gold pieces.

Inventory:

Hand Weapons
 a - a +1 war axe (weapon)
Missiles
 g - 73 stones (quivered)
 q - 6 poisoned darts
Armour
 b - a +0 scale mail (worn)
 c - a +0 kite shield (worn)
Jewellery
 f - an amulet of reflection (around neck)
 p - a ring of resist corrosion (left hand)
Scrolls
 e - a scroll of enchant weapon
 i - 2 scrolls of fog
 j - 3 scrolls of teleportation
 m - 2 scrolls of identify
Potions
 d - a potion of might
 h - a potion of attraction {unknown}
 k - a potion of heal wounds
 l - a potion of degeneration {unknown}
 n - a potion of curing {unknown}


   Skills:
 + Level 4.2 Fighting
 + Level 3.9 Axes
 + Level 5.0 Armour
 + Level 0.1 Dodging
 + Level 4.4 Shields


You had 3 spell levels left.
You didn't know any spells.
Your spell library was empty.

Dungeon Overview and Level Annotations

Branches:
Dungeon (3/15)

Altars:


Innate Abilities, Weirdness & Mutations

You have a pair of horns on your head.
You reflexively headbutt those who attack you in melee.


Message History

Where to? (? - help)
What level of the Dungeon? (default 1, ? - help)
An adder comes into view.
The adder hisses angrily.
The adder bites you.
You slash the adder!
The adder is almost dead.
The adder bites you but does no damage. You block the adder's attack.
Your shield prevents you from hitting the adder.
The adder is almost dead.
The adder bites you but does no damage. The adder barely misses you.
You hit the adder.
You kill the adder!
No target in view!
(D) Dungeon
Where to? (Enter - D:1, ? - help)
You see here a +0 halberd.
You see here a +0 dagger.
There is a stone staircase leading up, spattered with blood here.
You climb upwards.
There is a stone staircase leading down, spattered with blood here.
There is an open door here.
You see here a +0 spear.
HP restored.
There is an open door here.
There is an open door here.
There is a stone staircase leading up here.
You climb upwards.
There is a stone staircase leading down here.
There is an open door here.
There is an open door here.
There is an open door here.
There is an open door here.
You see here a +0 whip.
There is an open door here.
You open the door.
There is an open door here.
There is a staircase leading out of the dungeon here.
Are you sure you want to leave the Dungeon?
This will make you lose the game!
You have escaped!

.....#.........#.#.........##.##.
.....#.........'.'.........#.....
.....#.........#.#.........##.##.
.....##.......##.##.......###.###
...).####...####'###....###.#.###
#...## #'#####...#####+##......#
##'######.###.......###.###.###.#
.......#...#.........#...#.......
.#.###.#...+....@....'...#....#.#
.#.###.#...#.........#...#..#....
.....#.#..###.......###.###...#.#
.....#.##.#####...#####.# #.###.#
.......##..#####+#####..# #.###.#
.#......##.............## #.....#
.......################# #######
##.#.### ##.###


There were no monsters in sight!

Vanquished Creatures
  4 gnolls
  4 adders
  2 worms (D:2)
  4 endoplasms
  A giant cockroach (D:1)
  5 goblins
  5 hobgoblins
  2 jackals (D:1)
  4 kobolds
  3 quokkas
  6 ball pythons
  3 bats
  4 frilled lizards
  A rat (D:2)
48 creatures vanquished.

Notes
Turn   | Place    | Note
-------+----------+-------------------------------------------
     0 | D:1      | AarnesTheHuman the Minotaur Fighter began the quest for the
                  | Orb.
     0 | D:1      | Reached XP level 1. HP: 19/19 MP: 0/0
   188 | D:1      | Found a faded altar of an unknown god.
   223 | D:1      | Reached XP level 2. HP: 27/27 MP: 1/1
   575 | D:1      | Reached skill level 4 in Armour
  1037 | D:2      | Reached XP level 3. HP: 33/33 MP: 2/2
  1501 | D:3      | Reached XP level 4. HP: 29/40 MP: 3/3
  2389 | D:3      | Reached skill level 5 in Armour
  2605 | D:$      | Got out of the dungeon alive.

Illustrated notes

Levels and vault maps discovered:
D:1:      dpeg_arrival_three_smaller_balls, layout_loops_corners,
          hellmonk_ecumenical_altar_blasted
D:2:      layout_basic
D:3:      layout_loops_ring

Skill      XL: |  1  2  3  4 |
---------------+-------------+-----
Shields        | 4 |  4.4
Fighting       | 4 |  4.2
Armour         | 4 5 |  5.0
Axes           | 3 |  3.9
Dodging        | |  0.1

Action                   |  1- 3 |  4- 6 || total
-------------------------+-------+-------++-------
Melee: War axe           |    70 |    37 ||   107
       Headbutt          |    16 |     3 ||    19
  Use: Scroll            |       |     6 ||     6
Armor: Scale mail        |    25 |    12 ||    37
Dodge: Dodged            |    19 |     8 ||    27
Block: Kite shield       |    42 |    45 ||    87
